 Dungeon Crawl Stone Soup version 0.20.1-1-g8b1a95d (webtiles) character file.

102 froobite the Ducker (level 4, -7/44 HPs)
             Began as a Troll Fighter on July 28, 2017.
             Killed by divine providence
             ... invoked by an orc priest
              (11 damage)
             ... on level 3 of the Dungeon.
             The game lasted 00:18:35 (1588 turns).

froobite the Ducker (Troll Fighter)                 Turns: 1588, Time: 00:18:35

Health: -7/44      AC:  5    Str: 29    XL:     4   Next: 49%
Magic:  3/3        EV:  8    Int:  7    God:
Gold:   181        SH: 12    Dex:  9    Spells: 3/3 levels left

rFire    + . .     SeeInvis +   n - +0 short sword
rCold    + . .     Gourm    +   b - +0 shield
rNeg     . . .     Faith    .   a - +0 robe
rPois    +         Spirit   .   (helmet restricted)
rElec    +         Reflect  +   (no cloak)
rCorr    +         Harm     .   (gloves unavailable)
MR       .....                  (boots unavailable)
Stlth    +.........             h - +3 amulet of reflection
Regen    0.6/turn               l - +2 ring of intelligence
MPRegen  0.1/turn               j - ring of see invisible

@: mighty, resistant
A: unfitting armour, claws 3, fast metabolism 3, gourmand, regeneration 1,
shaggy fur 1, tough skin 2
a: no special abilities


You were on level 3 of the Dungeon.
You were not hungry.

You visited 1 branch of the dungeon, and saw 3 of its levels.

You collected 181 gold pieces.

Inventory:

Hand Weapons
 g - a +0 hand axe
 n - a +0 short sword (weapon)
Missiles
 o - 2 tomahawks (quivered)
Armour
 a - a +0 robe (worn)
 b - a +0 shield (worn)
Jewellery
 e - an uncursed amulet of regeneration
 h - a +3 amulet of reflection (around neck)
 i - an uncursed ring of stealth
 j - a ring of see invisible (right claw)
 l - a +2 ring of intelligence (left claw)
 m - a +4 ring of strength {unknown}
Scrolls
 k - a scroll of enchant weapon
Comestibles
 d - 2 bread rations


   Skills:
 + Level 2.8 Fighting
 + Level 3.2 Dodging
 + Level 2.8 Shields
 + Level 3.1 Unarmed Combat


You had 3 spell levels left.
You didn't know any spells.

Dungeon Overview and Level Annotations

Branches:
Dungeon (3/15)

Altars:


Innate Abilities, Weirdness & Mutations

You are too large for most types of armour.
You have claws for hands.
Your metabolism is lightning-fast.
You like to eat raw meat.
Your natural rate of healing is unusually fast.
You are covered in fur. (AC +1)
You have very tough skin. (AC +2)


Message History

* * * LOW HITPOINT WARNING * * *
The jackal barely misses you.
The orc throws a tomahawk.
The tomahawk hits you but does no damage.
The orc priest hits you from afar with a trident.
* * * LOW HITPOINT WARNING * * *
The jackal barely misses you.
You see here a tomahawk.
Unknown command.
You barely miss the orc. The jackal bites you.
* * * LOW HITPOINT WARNING * * *
The jackal bites you but does no damage.
You block the jackal's attack. The orc priest completely misses you.
You puncture the orc!
You kill the orc!
You block the jackal's attack. x2; The hobgoblin barely misses you.
The jackal bites you but does no damage.
The jackal completely misses you.
The orc priest invokes the aid of Beogh against you.
Beogh smites you!
You die...

#.# #.# #.#
#.# #.###.##
#####......#
...........#
######....#
#.#### #.# #@#
##h##
...###gh)#.###
#!....oo....#
#####S.o#.#.#
##.##.%. #o#
#.#


oro .# #'# < You could see an orc priest, an adder, 5 orcs, 2 jackals, a
hobgoblin and a rat.

Vanquished Creatures
  An orc priest (D:3)
  An ooze (D:1)
  A worm (D:2)
  A dart slug (D:1)
  5 orcs (D:3)
  2 bats (D:2)
  2 giant cockroaches (D:1)
  5 goblins
  9 hobgoblins
  8 jackals
  A quokka (D:2)
  A ball python (D:1)
  3 frilled lizards
  8 kobolds
  3 rats
51 creatures vanquished.

Notes
Turn   | Place    | Note
-------+----------+-------------------------------------------
     0 | D:1      | froobite the Troll Fighter began the quest for the Orb.
     0 | D:1      | Reached XP level 1. HP: 22/22 MP: 0/0
     3 | D:1      | Noticed an electric eel
     4 | D:1      | Noticed an electric eel
    56 | D:1      | Reached XP level 2. HP: 24/29 MP: 1/1
   376 | D:1      | Reached XP level 3. HP: 34/36 MP: 2/2
  1504 | D:3      | Reached XP level 4. HP: 44/44 MP: 3/3
  1584 | D:3      | HP: 2/44 [orc priest/trident (4)]
  1588 | D:3      | Killed from afar by an orc priest

Skill      XL: |  1  2  3 |
---------------+----------+-----
Dodging        | 3 |  3.2
Unarmed Combat | 3 |  3.1
Fighting       | |  2.8
Shields        | |  2.8

Action                   |  1- 3 |  4- 6 || total
-------------------------+-------+-------++-------
Melee: Unarmed           |   125 |     7 ||   132
       Short sword       |       |    17 ||    17
  Use: Scroll            |     4 |       ||     4
       Potion            |     3 |     3 ||     6
  Eat: Bread ration      |     3 |       ||     3
Armor: Robe              |    32 |    29 ||    61
Dodge: Dodged            |    43 |    25 ||    68
Block: Shield            |    60 |    45 ||   105
       Reflection        |     4 |     1 ||     5
